 Dungeon Sprint DCSS version 0.19-a0-1490-g5dd3618 (webtiles) character file.

609 poirepourri the Covert (level 7, -8/32 HPs)
             Began as a Spriggan Enchanter on Sept 8, 2016.
             Was an Initiate of Dithmenos.
             Shot with an arrow by a centaur warrior (22 damage)
             ... in the Dungeon (Sprint I: "Red Sonja").
             The game lasted 00:01:10 (540 turns).

poirepourri the Covert (Spriggan Enchanter)          Turns: 540, Time: 00:01:11

Health: -8/32      AC:  3    Str:  4    XL:     7   Next: 19%
Magic:  20/20      EV: 24    Int: 17    God:    Dithmenos [......]
Gold:   175        SH:  0    Dex: 18    Spells: 5 memorised, 11 levels left

rFire  . . .     SeeInvis +     a - +1 dagger
rCold  + . .     Gourm    .     m - +1 robe {rC+}
rNeg   . . .     Faith    .     (shield restricted)
rPois  .         Spirit   .     (helmet restricted)
rElec  .         Dismiss  .     (no cloak)
rCorr  .         Reflect  .     (gloves unavailable)
MR     +....     Harm     .     (boots unavailable)
Stlth  ++++++.... NoTele   +    (no amulet)
                                (no ring)
                                (no ring)

@: very slightly contaminated, very quick
A: unfitting armour, see invisible, herbivore 3, speed 3, slow metabolism 2
a: Renounce Religion


You were in the Dungeon.
You worshipped Dithmenos.
Dithmenos was noncommittal.
You were not hungry.

You visited 1 branch You collected 314 gold pieces.
You spent 139 gold pieces at shops.

Inventory:

Hand Weapons
 a - a +1 dagger (weapon)
Missiles
 l - 19 poisoned needles
Armour
 b - a +1 robe
 m - a +1 robe of cold resistance (worn)
Potions
 e - a potion of curing
 f - a potion of heal wounds
 g - a potion of haste
 h - 2 potions of magic
 i - a potion of agility {unknown}
Books
 c - a book of Maledictions

   Spells                             Type                      Level
   a - Corona                         Hexes                        1
   b - Ensorcelled Hibernation        Hexes/Ice                    2
   c - Confuse                        Hexes                        3
   d - Tukima's Dance                 Hexes                        3
   e - Dazzling Spray                 Conjuration/Hexes            3
Comestibles
 d - a bread ration


   Skills:
 + Level 3.7 Short Blades
 + Level 7.8 Dodging
 + Level 12.7 Stealth
 + Level 8.6 Spellcasting
 + Level 11.8 Hexes
 - Level 1.2 Ice Magic


You had 11 spell levels left.
You knew the following spells:

 Your Spells              Type           Power        Failure   Level  Hunger
a - Corona                Hex            #####..      1%          1    None
b - Ensorcelled Hibernat  Hex/Ice        ####..       1%          2    None
c - Confuse               Hex            #####...     1%          3    #......
d - Tukima's Dance        Hex            #####...     1%          3    #......
e - Dazzling Spray        Conj/Hex       ####..       2%          3    #......


Dungeon Overview and Level Annotations

Branches:
Dungeon (1/1)

Altars:
Cheibriados
Dithmenos
Elyvilon
Fedhas
Gozag
Hepliaklqana
Kikubaaqudgha
Makhleb
Nemelex Xobeh
Okawaru
Qazlal
Ru
Sif Muna
Trog
Uskayaw
Vehumet
Xom
Yredelemnul
Zin
The Shining One
Jiyva
Lugonu

Shops:
D [


Innate Abilities, Weirdness & Mutations

You are tiny and cannot use many weapons and most armour.
You have supernaturally acute eyesight. (SInv)
You are a herbivore.
You cover ground extremely quickly.
You need consume almost no food.


Message History

There is an open door here.
You open the door.
Found 3 fruits.
There is an open door here.
You enter the shallow water.
Moving in this stuff is going to be slow.
Found a rapier. 2 centaur warriors come into view.
The centaur warrior wields a longbow.
The centaur warrior shoots an arrow.
The arrow hits you!!
Ouch! That really hurt!
You hear a splash.
You see here an arrow.
Blink to where?
Press: ? - help, Dir - move target cursor You are very lightly contaminated with residual magic.
As you read the scroll of blinking, it crumbles to dust.
The centaur warrior shoots an arrow.
The arrow hits you!!
Ouch! That really hurt!
You die...

###################
#<.#..'..#.)'..#__#
#..'..#.)'..#..'..+
#..#####'#####'#__####
#..####..#...#.####%)#
#..#__####..##.#§§§.c#
#..#_____##'#..@≈§§§§+
#⌠⌠#_.∩...'..._#≈≈§.c#
####_..__##_.#'##+####
#_____###+#.# #######
###


You could see a centaur warrior.

Vanquished Creatures
  A slime creature (D)
  Sigmund (D)
  A yak (D)
  An ogre (D)
  A jelly (D)
  Ijyb (D)
6 creatures vanquished.

Notes
Turn   | Place    | Note
-------+----------+-------------------------------------------
     0 | D        | poirepourri the Spriggan Enchanter began the quest for the Orb.
     0 | D        | Reached XP level 1. HP: 9/9 MP: 5/5
     3 | D        | Noticed Ijyb
    15 | D        | Killed Ijyb
    15 | D        | Reached skill level 6 in Stealth
    15 | D        | Reached XP level 2. HP: 13/13 MP: 5/7
    49 | D        | Learned a level 2 spell: Ensorcelled Hibernation
    52 | D        | Noticed an ogre
    64 | D        | Killed an ogre
    64 | D        | Reached skill level 5 in Dodging
    64 | D        | Reached skill level 8 in Stealth
    64 | D        | Reached skill level 5 in Spellcasting
    64 | D        | Reached XP level 3. HP: 2/16 MP: 1/10
    64 | D        | Reached XP level 4. HP: 2/21 MP: 1/12
   392 | D        | Learned a level 3 spell: Confuse
   396 | D        | Learned a level 3 spell: Tukima's Dance
   400 | D        | Learned a level 3 spell: Dazzling Spray
   401 | D        | Noticed Sigmund
   404 | D        | Killed Sigmund
   404 | D        | Reached skill level 10 in Stealth
   404 | D        | Reached skill level 10 in Hexes
   404 | D        | Reached skill level 1 in Ice Magic
   404 | D        | Reached XP level 5. HP: 24/24 MP: 12/15
   404 | D        | Reached XP level 6. HP: 28/28 MP: 13/17
   434 | D        | Found a deep blue altar of Sif Muna.
   436 | D        | Found a radiant altar of Vehumet.
   481 | D        | Found Jufixt's Armour Emporium.
   481 | D        | Found an ancient bone altar of Kikubaaqudgha.
   481 | D        | Found a hazy altar of Hepliaklqana.
   481 | D        | Found a stormy altar of Qazlal.
   481 | D        | Found a hide-covered altar of Uskayaw.
   481 | D        | Found a blossoming altar of Fedhas.
   481 | D        | Found a bloodstained altar of Trog.
   481 | D        | Found an iron altar of Okawaru.
   481 | D        | Found a basalt altar of Yredelemnul.
   481 | D        | Found a glowing golden altar of the Shining One.
   481 | D        | Found a snail-covered altar of Cheibriados.
   481 | D        | Found a sacrificial altar of Ru.
   481 | D        | Found a glowing silver altar of Zin.
   481 | D        | Found a shadowy altar of Dithmenos.
   481 | D        | Found a white marble altar of Elyvilon.
   481 | D        | Noticed a yak
   482 | D        | Found an opulent altar of Gozag.
   483 | D        | Killed a yak
   483 | D        | Reached skill level 11 in Stealth
   484 | D        | Found a sparkling altar of Nemelex Xobeh.
   492 | D        | Became a worshipper of Dithmenos the Shadowed
   497 | D        | Bought a +1 robe of cold resistance for 139 gold pieces
   525 | D        | Found a burning altar of Makhleb.
   525 | D        | Found a viscous altar of Jiyva.
   525 | D        | Found a shimmering altar of Xom.
   525 | D        | Found a corrupted altar of Lugonu.
   525 | D        | Noticed a slime creature
   528 | D        | Killed a slime creature
   528 | D        | Reached skill level 12 in Stealth
   528 | D        | Reached XP level 7. HP: 32/32 MP: 20/20
   539 | D        | Noticed a centaur warrior
   539 | D        | Noticed a centaur warrior
   540 | D        | Shot with an arrow by a centaur warrior

Vault maps used:
D:        dungeon_sprint_1

Skill      XL: |  1  2  3  4  5  6 |
---------------+-------------------+-----
Dodging        | 4 5 6 7 |  7.8
Stealth        | 6 8 10 12 | 12.7
Spellcasting   | 3 5 7 8 |  8.6
Hexes          | 6 8 10 11 | 11.8
Short Blades   | 2 3 |  3.7
Ice Magic      | 1 |  1.2

Action                   |  1- 3 |  4- 6 |  7- 9 || total
-------------------------+-------+-------+-------++-------
Melee: Dagger            |    13 |     4 |       ||    17
 Cast: Ensorcelled Hiber |     3 |       |       ||     3
  Use: Potion            |     1 |       |       ||     1
       Scroll            |       |     1 |     1 ||     2
 Stab: Sleeping          |     1 |     4 |       ||     5
Dodge: Dodged            |     9 |       |       ||     9
